 Dungeon Crawl Stone Soup version 0.24-a0-784-g601f8f6d22 (webtiles) character file.

Game seed: 15898224230066270312, levelgen mode: deterministic

58 GordonOverkill the Firebug (level 3, -3/26 HPs)
             Began as a Demigod Fire Elementalist on Oct 9, 2019.
             Slain by Sigmund
             ... wielding a +0 scythe
              (13 damage)
             ... on level 2 of the Dungeon.
             The game lasted 00:04:31 (867 turns).

GordonOverkill the Firebug (DgFE)                    Turns: 867, Time: 00:04:32

Health: -3/26      AC:  0    Str: 11    XL:     3   Next: 51%
Magic:  0/8        EV: 15    Int: 21    God:
Gold:   41         SH:  0    Dex: 16    Spells: 5/6 levels left

rFire    . . .     SeeInvis .   (weapon currently unavailable)
rCold    . . .     Gourm    .   (shield currently unavailable)
rNeg     . . .     Faith    .   (armour currently unavailable)
rPois    .         Spirit   .   (helmet currently unavailable)
rElec    .         Reflect  .   (cloak currently unavailable)
rCorr    .         Harm     .   (gloves currently unavailable)
MR       .....                  (boots currently unavailable)
Stlth    ++........             (no amulet)
HPRegen  0.08/turn              (ring currently unavailable)
MPRegen  0.11/turn              (ring currently unavailable)

@: pig-form, very quick
A: small, high mp 1
a: no special abilities


You were on level 2 of the Dungeon.
You were not hungry.
You were a filthy swine.
You visited 1 branch of the dungeon, and saw 3 of its levels.

You collected 41 gold pieces.

Inventory:

Hand Weapons
 h - a +0 spear (melded)
Missiles
 e - 12 stones (quivered)
Armour
 a - a +0 robe (melded)
 j - a +0 leather armour
Scrolls
 d - 2 scrolls of identify
 f - a scroll of enchant weapon
Potions
 i - a potion of ambrosia {unknown}
 k - a potion of mutation {unknown}
Comestibles
 c - 2 rations
 g - 4 chunks of flesh


   Skills:
 + Level 0.7 Armour
 - Level 2.0 Dodging
 + Level 2.5 Stealth
 + Level 2.2 Spellcasting
 + Level 1.6 Conjurations
 - Level 3.0 Fire Magic


You had 5 spell levels left.
You knew the following spells:

 Your Spells              Type           Power        Failure   Level  Hunger
a - Flame Tongue          Conj/Fire      ##...        5%          1    #......

Your spell library contained the following spells:

 Spells                   Type           Power        Failure   Level  Hunger
 Throw Flame              Conj/Fire      ##....       9%          2    ##.....
 Conjure Flame            Conj/Fire      ##......     17%         3    ###....
 Inner Flame              Hex/Fire       #.......     24%         3    ###....
 Sticky Flame             Conj/Fire      ##......     50%         4    #####..
 Fireball                 Conj/Fire      ##........   83%         5    ######.


Dungeon Overview and Level Annotations

Branches:
Dungeon (3/15)

Annotations:
D:2 Sigmund
D:3 Jessica


Innate Abilities, Weirdness & Mutations

You have an increased reservoir of magic. (+10% MP)


Message History

You kill Robin!
You hear a zap.
You turn into a filthy swine.
Your +0 spear melds into your body.
Your +0 robe melds into your body.
Items here: )) †† a +0 club; a +0 dagger; a goblin corpse x2
You hear a zap.
Something tries to affect you, but you resist.
Something hits you.
Things that are here:
an adder corpse; a quokka corpse; a bat corpse Butcher an adder corpse? [(y)es/(n)o/(a)ll/(q)uit/?]
You butcher the adder corpse.
You butcher the quokka corpse.
You hear some strange, mumbled words.
A magic dart appears from out of thin air!
You stop butchering the corpse.
The magic dart hits you! Something hits you!
Ouch! That really hurt!
You die...

### #.#
#)### #.{g#
#%#g# #h#)#
#.#.#
#.#.####
#.#{#..
#.#g..#
#.#gg.#
#.#...#
#.#.#.#
#.#.#.######


There were no monsters in sight!

Vanquished Creatures
  Robin (D:2)
  3 adders (D:2)
  A dart slug (D:2)
  A giant cockroach (D:1)
  3 hobgoblins
  A quokka (D:2)
  A bat (D:2)
  4 goblins
  3 kobolds
  4 rats
22 creatures vanquished.

Notes
Turn   | Place    | Note
-------+----------+-------------------------------------------
     0 | D:1      | GordonOverkill the Demigod Fire Elementalist began the
                  | quest for the Orb.
     0 | D:1      | Reached XP level 1. HP: 14/14 MP: 5/5
    98 | D:1      | Reached skill level 1 in Conjurations
   358 | D:1      | You fall into a shaft and drop 1 floor!
   364 | D:2      | Reached XP level 2. HP: 15/20 MP: 2/7
   547 | D:2      | Noticed Sigmund
   564 | D:2      | Reached skill level 3 in Fire Magic
   803 | D:2      | Noticed Robin
   819 | D:3      | Noticed Jessica
   834 | D:2      | Reached XP level 3. HP: 13/26 MP: 5/8
   861 | D:2      | Killed Robin
   867 | D:2      | Slain by Sigmund

Levels and vault maps discovered:
D:1:      lightli_arrival_isolated_outpost, layout_loops_ring, serial_forest,
          infiniplex_forest_fountain, infiniplex_forest_corner_1,
          infiniplex_forest_clump_medium, infiniplex_forest_straight_2,
          infiniplex_forest_lined_corner, solitary_fountain,
          serial_bayou_pond_a, minmay_misc_feat_roman
D:2:      layout_basic, marbit_many_paths,
          chequers_temple_overflow_statue_of_worship, serial_glass,
          glass_columns_b, glass_columns_c, glass_columns_a, glass_columns_a,
          uniq_robin, uniq_sigmund
D:3:      layout_rooms, minmay_statues_item, uniq_natasha, uniq_jessica,
          uniq_grinder

Skill      XL: |  1  2 |
---------------+-------+-----
Conjurations   | 1 |  1.6
Dodging        | 2 |  2.0
Stealth        | 2 |  2.5
Spellcasting   | 2 |  2.2
Fire Magic     | 3 |  3.0
Armour         | |  0.7

Action                   || total
-------------------------++-------
Melee: Unarmed           ||     1
       Spear             ||    15
Throw: Stone             ||    33
 Cast: Flame Tongue      ||    36
  Use: Scroll            ||     1
       Potion            ||     1
Armor: Robe              ||    19
       Skin              ||     5
Dodge: Dodged            ||    69

Table legend:
 A = Non-vault XP
 B = Vault XP
 C = Vault XP percentage of total XP
 D = Non-vault monster count
 E = Vault monster count
 F = Vault count percentage of total count
                 A         B        C        D         E       F
            +---------+---------+-------+---------+---------+-------
      Total |      59 |      24 |  28.9 |      16 |       6 |  27.3
            +---------+---------+-------+---------+---------+-------
        D:1 |      10 |       0 |   0.0 |       8 |       0 |   0.0
        D:2 |      49 |      24 |  32.9 |       8 |       6 |  42.9
            +---------+---------+-------+---------+---------+-------
